 Dungeon Crawl Stone Soup version 0.27-a0-1202-ge72e49191c (webtiles) character file.

Game seed: 3256298512433638883

1159 kae the Slasher (level 8, -1/61 HPs)
             Began as a Demonspawn Abyssal Knight on June 2, 2021.
             Was an Elder of Lugonu.
             Slain by Pikel
             ... wielding a +0 whip of freezing
              (6 damage)
             ... on level 5 of the Dungeon.
             The game lasted 00:05:21 (7164 turns).

kae the Slasher (Demonspawn Abyssal Knight)         Turns: 7164, Time: 00:05:22

Health: -1/61      AC:  3    Str: 14    XL:     8   Next: 16%
Magic:  12/12      EV: 13    Int: 14    God:    Lugonu [****..]
Gold:   199        SH:  5    Dex: 19    Spells: 7/7 levels left

rFire    . . .     SeeInvis .   a - +1 falchion
rCold    . . .     Faith    .   (no shield)
rNeg     . . .     Spirit   .   b - +1 leather armour
rPois    +         Reflect  +   (helmet restricted)
rElec    .         Harm     .   (no cloak)
rCorr    .         Rampage  .   (no gloves)
Will     .....                  (no boots)
Stlth    +.........             m - amulet of reflection
HPRegen  0.20/turn              j - +6 ring of dexterity
MPRegen  0.13/turn              f - ring of poison resistance

@: about to teleport, corroded, studying 2 skills
A: antennae 1, slimy green scales 2, spiny 1
a: Renounce Religion, Depart the Abyss, Bend Space, Banish, Corrupt


You were on level 5 of the Dungeon.
You worshipped Lugonu.
Lugonu was greatly pleased with you.
You visited 1 branch of the dungeon, and saw 5 of its levels.
You visited the Abyss 1 time.
You also visited: Sewer.

You collected 199 gold pieces.

Inventory:

Hand Weapons
 a - a +1 falchion (weapon)
Armour
 b - a +1 leather armour (worn)
Jewellery
 f - a ring of poison resistance (right hand)
 j - a +6 ring of dexterity (left hand)
 m - an amulet of reflection (around neck)
Wands
 n - a wand of charming (6)
Scrolls
 e - 3 scrolls of fog
 l - 3 scrolls of magic mapping
 r - a scroll of identify
 t - a scroll of enchant armour
 u - a scroll of holy word {unknown}
Potions
 c - 3 potions of curing {unknown}
 d - 2 potions of lignification
 g - 3 potions of flight
 h - a potion of mutation
 k - 5 potions of degeneration {unknown}
 o - 4 potions of haste {unknown}
 p - a potion of magic
 q - a potion of might {unknown}
 v - a potion of ambrosia {unknown}


   Skills:
 + Level 4.8 Fighting
 * Level 7.3 Long Blades
 + Level 4.0 Armour
 + Level 3.4 Dodging
 + Level 5.5 Invocations


You had 7 spell levels left.
You didn't know any spells.
Your spell library contained the following spells:

 Spells                   Type           Power      Damage    Failure   Level
 Foxfire                  Conj/Fire      0%         2x1d4     34%         1
 Magic Dart               Conj           0%         1d3       34%         1
 Sting                    Tmut/Pois      0%         1d3       34%         1
 Poisonous Vapours        Pois/Air       0%         N/A       47%         2
 Searing Ray              Conj           0%         3d3       47%         2
 Conjure Flame            Conj/Fire      0%         6-21      71%         3
 Dazzling Flash           Conj/Hex       0%         N/A       71%         3
 Ignite Poison            Fire/Tmut/Pois 0%         N/A       71%         3
 Inner Flame              Hex/Fire       0%         N/A       71%         3
 Mephitic Cloud           Conj/Pois/Air  0%         N/A       71%         3
 Fulminant Prism          Conj/Hex       0%         3d6       98%         4
 Iskenderun's Mystic Bla  Conj/Tloc      0%         2d3       98%         4
 Olgreb's Toxic Radiance  Pois           0%         N/A       98%         4
 Sticky Flame             Conj/Fire      0%         2d3       98%         4
 Fireball                 Conj/Fire      0%         3d3       100%        5


Dungeon Overview and Level Annotations

Branches:
Dungeon (5/15)              Sewer (visited)
 Temple: D:4-7

Altars:
Ashenzari
Okawaru
Xom
The Shining One

Annotations:
D:3 1 runed translucent door, Crazy Yiuf, Grinder
D:5 Pikel


Innate Abilities, Weirdness & Mutations

You have a pair of small antennae on your head.
You are mostly covered in slimy green scales. (AC +3)
You are partially covered in sharp spines.


Message History

You hit Ijyb.
Ijyb is moderately wounded.
Ijyb zaps a wand.
The puff of flame hits you but does no damage.
You closely miss Ijyb.
Ijyb is moderately wounded.
Ijyb is struck by your spines. Ijyb hits you with a +0 dagger.
You barely miss Ijyb.
Ijyb is severely wounded.
Ijyb hits you but does no damage.
You slash Ijyb!
You kill Ijyb!
Lugonu accepts your kill.
A lemure comes into view.
Pikel zaps a wand.
The bolt of acid misses you. Pikel is struck by your spines.
Pikel hits you with a +0 whip of freezing.
Pikel freezes you.
You barely miss Pikel.
Pikel is lightly wounded.
Pikel zaps a wand.
The bolt of acid hits you!! The acid corrodes you!
You are splashed with acid!
* * * LOW HITPOINT WARNING * * *
You are too injured to fight recklessly!
You hit Pikel but do no damage.
Pikel is lightly wounded.
Pikel hits you with a +0 whip of freezing.
* * * LOW HITPOINT WARNING * * *
Pikel freezes you.
* * * LOW HITPOINT WARNING * * *
Okay, then.
You feel much better. Pikel is struck by your spines.
Pikel hits you with a +0 whip of freezing!
* * * LOW HITPOINT WARNING * * *
Pikel freezes you.
* * * LOW HITPOINT WARNING * * *
As you read the scroll of teleportation, it crumbles to dust.
You feel strangely unstable.
Pikel hits you with a +0 whip of freezing.
You die...

...# #...≈≈≈≈≈...# #..........#
##.####..#...#..## ##........##
#..####.......## #...........##
##..#......#### ..#..........#
####.......## # #..........# .#
#...(....... #..........#
.###.......##### #..........#
...............##### #..........#
#.##.......#.#5K@..####........##
#.##.......#.5####...###......###
..##.......##.5..###...##.......#
.############.....####.##.......#
## #.......# #.:........#
#.......##...........#
#.5........###.......#
##...5..### ######### #...K.##


You could see Pikel and 2 lemures.

Vanquished Creatures
  Duvessa (D:5)
  2 centaurs
  A phantom (D:5)
  A kobold brigand (Sewer)
  A water moccasin skeleton (D:4)
  A bullfrog zombie (D:4)
  A howler monkey (D:4)
  A centaur zombie (D:5)
  A crimson imp (D:4)
  2 hounds
  An iguana (D:3)
  3 centaur skeletons
  2 orc wizards (D:5)
  Ijyb (D:5)
  2 gnolls
  3 river rats (Sewer)
  4 adders
  3 adder skeletons (D:4)
  5 dart slugs
  4 worms
  14 orcs
  8 endoplasms
  7 giant cockroaches
  11 goblins
  6 hobgoblins
  6 jackals
  9 kobolds
  2 quokkas (D:3)
  13 ball pythons
  11 bats
  2 frilled lizards
  A goblin skeleton (D:4)
  A goblin zombie (D:4)
  A hobgoblin zombie (D:4)
  A kobold skeleton (D:4)
  A kobold zombie (D:4)
  4 orc skeletons (D:4)
  13 rats
151 creatures vanquished.

Vanquished Creatures (collateral kills)
  Dowan (D:5)
  A hound (D:5)
  A gnoll shaman (D:5)
  3 gnolls (D:5)
6 creatures vanquished.

Vanquished Creatures (others)
  An iguana (D:5)
  4 plants
5 creatures vanquished.

Grand Total: 162 creatures vanquished

Notes
Turn   | Place    | Note
-------+----------+-------------------------------------------
     0 | Abyss:1  | kae the Demonspawn Abyssal Knight began the quest for the
                  | Orb.
     0 | Abyss:1  | Reached XP level 1. HP: 18/18 MP: 2/2
    97 | Abyss:1  | Noticed a tentacled starspawn
    98 | D:1      | Escaped the Abyss
   168 | D:1      | Reached skill level 1 in Dodging
   173 | D:1      | Reached skill level 2 in Long Blades
   262 | D:1      | Gained mutation: You are partially covered in sharp spines.
                  | [demonic ancestry]
   262 | D:1      | Reached XP level 2. HP: 19/24 MP: 3/3
   370 | D:1      | Reached * piety under Lugonu
   496 | D:1      | Found a faded altar of an unknown god.
   711 | D:1      | Reached XP level 3. HP: 24/29 MP: 5/5
  1525 | D:2      | Gained mutation: You are partially covered in slimy green
                  | scales. (AC +2) [demonic ancestry]
  1525 | D:2      | Reached XP level 4. HP: 23/35 MP: 6/6
  1910 | D:2      | Reached ** piety under Lugonu
  1941 | D:2      | Identified a scroll of acquirement
  1941 | D:2      | Acquired a manual of Long Blades
  1977 | D:3      | Noticed an ogre
  2311 | D:3      | Reached skill level 3 in Long Blades
  2987 | D:3      | Gained mutation: You are mostly covered in slimy green
                  | scales. (AC +3) [demonic ancestry]
  2987 | D:3      | Reached XP level 5. HP: 32/41 MP: 7/7
  3097 | D:3      | Noticed Grinder
  3100 | D:3      | Paralysed by Grinder for 4 turns
  3836 | D:3      | Found a runed translucent door.
  3837 | D:3      | Noticed Crazy Yiuf
  4293 | D:4      | Reached skill level 4 in Long Blades
  4480 | D:4      | Noticed a centaur
  4490 | D:4      | Killed a centaur
  4490 | D:4      | Reached *** piety under Lugonu
  4491 | D:4      | Reached XP level 6. HP: 34/48 MP: 7/9
  4678 | D:4      | Reached skill level 5 in Long Blades
  5465 | D:5      | Entered Level 5 of the Dungeon
  5484 | D:5      | Gained mutation: You have a pair of small antennae on your
                  | head. [demonic ancestry]
  5484 | D:5      | Reached XP level 7. HP: 31/54 MP: 10/10
  5639 | D:5      | Found a broken altar of Ashenzari.
  5649 | D:5      | Reached skill level 6 in Long Blades
  5695 | D:5      | Found a shimmering altar of Xom.
  5791 | D:5      | Found a glowing drain.
  5800 | Sewer    | Entered a sewer
  6422 | Sewer    | Reached skill level 5 in Invocations
  6781 | D:5      | Found an iron altar of Okawaru.
  6807 | D:5      | Noticed Duvessa
  6807 | D:5      | Noticed Dowan
  6827 | D:5      | Killed Dowan
  6828 | D:5      | Reached skill level 7 in Long Blades
  6828 | D:5      | Reached XP level 8. HP: 49/61 MP: 10/12
  6840 | D:5      | Reached **** piety under Lugonu
  6874 | D:5      | Killed Duvessa
  7141 | D:5      | Noticed Ijyb
  7143 | D:5      | Noticed Pikel
  7155 | D:5      | Killed Ijyb
  7164 | D:5      | Slain by Pikel

Illustrated notes

Levels and vault maps discovered:
D:1:      dpeg_arrival_rhombus, layout_loops_ring, shapermc_ecumenical_altar_gd,
          kennysheep_crisscross, minmay_misc_feat_roman
D:2:      layout_rooms, minmay_between
D:3:      layout_loops_corners, minmay_fractal_squares_5,
          uniq_crazy_yiuf_cottage, uniq_grinder
D:4:      layout_basic, nicolae_tso_besieged_by_evil, corner_web_ring,
          grunt_decor_resistance, grunt_ministairs_12, corexii_shack,
          minmay_pentomino_pile
D:5:      layout_rooms, okawaru_metal_pillars_1_2, lemuel_tele_altar,
          evilmike_ruin_ashenzari, cheibrodos_sewer_entry_drain, uniq_ijyb,
          uniq_pikel, uniq_duvessa

Skill      XL: |  1  2  3  4  5  6  7  8 |
---------------+-------------------------+-----
Dodging        | 1 2 3 |  3.4
Long Blades    | 2 3 4 5 7 |  7.3
Armour         | 2 3 4 |  4.0
Invocations    | 3 4 5 |  5.5
Fighting       | 4 |  4.8

Action                   |  1- 3 |  4- 6 |  7- 9 || total
-------------------------+-------+-------+-------++-------
Melee: Falchion          |    76 |   168 |   164 ||   408
Invok: Depart the Abyss  |     1 |       |       ||     1
Evoke: Wand              |       |       |     3 ||     3
  Use: Scroll            |       |    13 |     2 ||    15
       Potion            |       |       |     2 ||     2
 Stab: Sleeping          |     1 |       |       ||     1
       Distracted        |       |     1 |       ||     1
       Invisible         |       |       |     8 ||     8
Armor: Leather armour    |    22 |    83 |    29 ||   134
Dodge: Dodged            |    42 |    96 |    69 ||   207
Block: Other             |       |     3 |    25 ||    28
       Reflection        |       |     1 |     1 ||     2
       Rpst.: Falchion   |    15 |    30 |    23 ||    68

Table legend: (Time is in decaauts)
 A = Elapsed time spent in this place.
 B = Non-inter-level travel time spent in this place.
 C = Inter-level travel time spent in this place.
 D = Time resting spent in this place.
 E = Time spent auto-exploring this place.
 F = Levels seen in this place.
 G = Mean time per level.
                   A        B        C        D        E       F      G
               +--------+--------+--------+--------+--------+-----+--------+
         Total |   7280 |   7061 |    219 |   1282 |   4544 |   7 | 1040.0 |
       Dungeon |   6382 |   6163 |    219 |   1170 |   3938 |   5 | 1276.4 |
         Abyss |     98 |     98 |      0 |      0 |     96 |   1 |   98.0 |
         Sewer |    798 |    798 |      0 |    112 |    509 |   1 |  798.0 |
               +--------+--------+--------+--------+--------+-----+--------+

Top non-repeatable levels by time:
     D:3: 1574 daAuts
     D:4: 1498 daAuts
     D:2: 1450 daAuts
     D:1: 1012 daAuts
     D:5: 848 daAuts
   Sewer: 798 daAuts
 Abyss:1: 98 daAuts
